 Dungeon Crawl Stone Soup version 0.31.0-32-g396128a36d (webtiles) character file.

Game seed: 11989567546451331425

0 PaiMei the Grave Robber (level 1, 0/13 HPs)
             Began as a Demonspawn Necromancer on Apr 10, 2024.
             Slain by a kobold
             ... wielding a +0 short sword
              (3 damage)
             ... on level 1 of the Dungeon.
             The game lasted 00:00:14 (38 turns).

PaiMei the Grave Robber (Demonspawn Necromancer)      Turns: 38, Time: 00:00:14

Health: 0/13       AC:  2    Str:  8    XL:     1   Next: 8%
Magic:  1/3        EV: 12    Int: 15    God:
Gold:   0          SH:  0    Dex: 13    Spells: 3/4 levels left

rFire   . . .        c - +0 mace
rCold   . . .        (no shield)
rNeg    . . .        a - +0 robe
rPois   .            (no helmet)
rElec   .            (no cloak)
rCorr   .            (no gloves)
SInv    .            (no boots)
Will    .....        (no amulet)
Stlth   ++           (no ring)
HPRegen 0.22/turn    (no ring)
MPRegen 0.08/turn

%: no passive effects
@: no status effects
A: no striking features
a: no special abilities


You were on level 1 of the Dungeon.
You visited 1 branch of the dungeon, and saw 1 of its levels.

Inventory:

Hand Weapons
 c - a +0 mace (weapon)
Armour
 a - a +0 robe (worn)
Potions
 b - a potion of magic


   Skills:
 + Level 1.7 Dodging
 + Level 1.7 Stealth
 + Level 2.0 Spellcasting
 + Level 4.3 Necromancy


You had 3 spell levels left.
You knew the following spells:

 Your Spells              Type           Power      Damage    Failure   Level
a - Necrotise             Necr           56%        1d6       3%          1

Your spell library contained the following spells:

 Spells                   Type           Power      Damage    Failure   Level
 Vampiric Draining        Necr           14%        2d7       11%         3
 Animate Dead             Necr           14%        N/A       36%         4
 Curse of Agony           Necr           14%        N/A       71%         5


Dungeon Overview and Level Annotations

Branches:
Dungeon (1/15)

Altars:


Message History

The dart slug briefly extends its eye-stalks.
Casting: Necrotise (safe; 3% risk of failure)
Confirm with . or Enter, or press ? or * to list all spells.
Aiming: Necrotise (safe; 3% risk of failure)
Press: ? - help, Shift-Dir - straight line, f - quokka
Aim: a quokka (chance to affect: 84%)
The quokka writhes in agony.
An endoplasm comes into view.
The quokka bites you. The quokka attacks as it pursues you!
The quokka barely misses you.
Casting: Necrotise (safe; 3% risk of failure)
Confirm with . or Enter, or press ? or * to list all spells.
You don't have enough magic to cast this spell.
The quokka attacks as it pursues you! The quokka bites you.
Casting: Necrotise (safe; 3% risk of failure)
Confirm with . or Enter, or press ? or * to list all spells.
You don't have enough magic to cast this spell.
Casting: Necrotise (safe; 3% risk of failure)
Confirm with . or Enter, or press ? or * to list all spells.
You don't have enough magic to cast this spell.
A rat comes into view.
The quokka bites you. The quokka barely misses you.
You closely miss the quokka.
The quokka is severely wounded.
The quokka closely misses you.
The kobold throws a stone.
The stone hits you but does no damage.
You barely miss the quokka.
The quokka is severely wounded.
The quokka closely misses you.
The kobold throws a stone.
The stone closely misses you. The quokka bites you.
* * * LOW HITPOINT WARNING * * *
Casting: Necrotise (safe; 3% risk of failure)
Confirm with . or Enter, or press ? or * to list all spells.
You don't have enough magic to cast this spell.
You hit the quokka.
The quokka is almost dead.
The quokka bites you but does no damage.
The kobold hits you with a +0 short sword.
You die...

##..#..#.# ........#
........
....J.......>[......
.............##.....
..................#
..............##.#
.............##K@# .#..
.............#.r##....#
....................##
.......................
.......#######........r
.#......≈≈≈≈≈#........#
.#..#....≈≈≈≈≈........#
.........~≈≈≈≈........#
.........≈~≈≈≈........#


You could see a quokka and a kobold.

Vanquished Creatures
  A rat (D:1)
1 creature vanquished.

Notes
Turn   | Place    | Note
-------+----------+-------------------------------------------
     0 | D:1      | PaiMei the Demonspawn Necromancer began the quest for the
                  | Orb.
     0 | D:1      | Reached XP level 1. HP: 13/13 MP: 3/3
    38 | D:1      | Slain by a kobold

Illustrated notes

Levels and vault maps discovered:
D:1:      dpeg_arrival_pond, layout_rooms

Action                     || total
---------------------------++-------
  Melee: Mace              ||     3
   Cast: Necrotise         ||     4
 Armour: Robe              ||     8
  Dodge: Dodged            ||    10
